AoeStats
← Awe

Arabia

511897331Analyzed
1v1 RM · 10d ago on Oct 7, 2026· 23m 30s· 2 players
Game mode
Random Map
Map size
Tiny (2 player)
Population
200
Speed
Normal
Resources
Standard
Victory
Conquest
Starting age
Dark Age
Ending age
Imperial Age
RankedLock teamsTeams togetherTeam positionsShared explorationLock speedFull tech treeHidden civsTurbo modeCheats
Victory
Defeat
🇨🇳 Spanish · China
1099
+17
vs
🇦🇷 Teutons · Argentina
1125
-17
TumenUluso
8:49 Loom
11:09 Feudal Age
15:59 Castle Age
15:04 Double-Bit Axe
16:40 Padded Archer Armor
20:20 Leather Archer Armor
23:05 Bloodlines
Awe
6:20 Loom
9:15 Feudal Age
19:53 Castle Age
18:11 Double-Bit Axe
19:30 Bloodlines
21:03 Bow Saw
21:54 Fletching
22:54 Elite Skirmisher
23:50 Padded Archer Armor
Connection lost

Rejoining the realm…

Still unreachable

The connection could not be restored.

Session expired

The server has moved on; the page needs a fresh start.